PCL
DISTRICT 9 PRAWNS @ SPOKANE TRAPPERS
07/01/2023
 
TOP OF THE 1ST
District 9 Prawns batting - Pitching for Spokane Trappers : LHP Alberto Cabrera
Pitching: LHP Alberto Cabrera
Batting: LHB Enrique Nalasco 0-0: SINGLE (Line Drive, 34D)
Batting: RHB Alfredo Cortéz 0-0: Ball
1-0: Ball
2-0: Ball
3-0: Called Strike
Balk!
Enrique Nalasco to second
3-1: Called Strike
3-2: Foul Ball, location: 2F
3-2: Base on Balls
Batting: LHB Leland Hardy 0-0: Called Strike
0-1: Ball
1-1: Ball
2-1: Ball
3-1: Called Strike
3-2: Strikes out swinging
Batting: LHB Ryan Hensley 0-0: Ball
Balk!
Enrique Nalasco to third
Alfredo Cortéz to second
1-0: Foul Ball, location: 2F
1-1: Foul Ball, location: 2F
1-2: Strikes out swinging
Batting: RHB Mal Snyder 0-0: Called Strike
0-1: Ball
1-1: Foul Ball, location: 2F
1-2: Ball
2-2: Foul Ball, location: 2F
2-2: Foul Ball, location: 2F
2-2: Strikes out swinging
Top of the 1st over - 0 run(s), 1 hit(s), 0 error(s), 2 left on base; District 9 0 - Spokane 0
BOTTOM OF THE 1ST
Spokane Trappers batting - Pitching for District 9 Prawns : RHP Augusto Méndez
Pitching: RHP Augusto Méndez
Batting: RHB Pedro Guzmán 0-0: Ball
1-0: Swinging Strike
1-1: Ball
2-1: Foul Ball, location: 2F
2-2: Foul Ball, location: 2F
2-2: Strikes out swinging
Batting: RHB Mario Hernández 0-0: Foul Ball, location: 2F
0-1: Foul Ball, location: 2F
0-2: Fly out, F9 (Flyball, 9LD)
Batting: RHB Todd Rockburn 0-0: Ball
1-0: Ball
2-0: Foul Ball, location: 2F
2-1: Swinging Strike
2-2: Foul Ball, location: 2F
2-2: Fly out, F8 (Flyball, 8LS)
Bottom of the 1st over - 0 run(s), 0 hit(s), 0 error(s), 0 left on base; District 9 0 - Spokane 0
TOP OF THE 2ND
District 9 Prawns batting - Pitching for Spokane Trappers : LHP Alberto Cabrera
Batting: RHB Lúcio García 0-0: Ball
1-0: Ball
2-0: SINGLE (Line Drive, 34D)
Batting: RHB Bill Beck 0-0: Swinging Strike
0-1: Ball
1-1: Ball
2-1: Foul Ball, location: 2F
2-2: Grounds into double play, 4-6-3 (Groundball, 4)
Batting: RHB Manuel Cortéz 0-0: Called Strike
0-1: Called Strike
0-2: Ball
1-2: Foul Ball, location: 2F
1-2: Ground out 5-3 (Groundball, 5)
Top of the 2nd over - 0 run(s), 1 hit(s), 0 error(s), 0 left on base; District 9 0 - Spokane 0
BOTTOM OF THE 2ND
Spokane Trappers batting - Pitching for District 9 Prawns : RHP Augusto Méndez
Batting: LHB Juan Cortés 0-0: Foul Ball, location: 2F
0-1: Ball
1-1: Ground out 3-1 (Groundball, 34)
Batting: RHB John Craig 0-0: Ground out 4-3 (Groundball, 4)
Batting: LHB José Feliciano 0-0: Called Strike
0-1: Called Strike
0-2: Foul Ball, location: 2F
0-2: Ball
1-2: Foul Ball, location: 2F
1-2: Strikes out swinging
Bottom of the 2nd over - 0 run(s), 0 hit(s), 0 error(s), 0 left on base; District 9 0 - Spokane 0
TOP OF THE 3RD
District 9 Prawns batting - Pitching for Spokane Trappers : LHP Alberto Cabrera
Batting: SHB Finley Frogley 0-0: Ball
1-0: Ground out 6-3 (Groundball, 6)
Batting: LHB Enrique Nalasco 0-0: Ball
1-0: Called Strike
1-1: Called Strike
1-2: Foul Ball, location: 2F
1-2: Ground out 4-3 (Groundball, 4)
Batting: RHB Alfredo Cortéz 0-0: Ball
1-0: Called Strike
1-1: Swinging Strike
1-2: Foul Ball, location: 2F
1-2: Ball
2-2: Ball
3-2: Fly out, F9 (Line Drive, 89XD)
Top of the 3rd over - 0 run(s), 0 hit(s), 0 error(s), 0 left on base; District 9 0 - Spokane 0
BOTTOM OF THE 3RD
Spokane Trappers batting - Pitching for District 9 Prawns : RHP Augusto Méndez
Batting: RHB Félix Tremblay 0-0: Ball
1-0: Ball
2-0: Called Strike
2-1: Ball
3-1: Fly out, F9 (Flyball, 9S)
Batting: RHB Hyo-sang Yu 0-0: Called Strike
0-1: SINGLE (Groundball, 6MD)
Batting: RHB Ernesto Acosta 0-0: Ball
1-0: Ground out U3 (Groundball, 3S)
Hyo-sang Yu to second
Batting: RHB Pedro Guzmán 0-0: Foul Ball, location: 2F
0-1: TRIPLE (Flyball, 78D)
Hyo-sang Yu scores
Batting: RHB Mario Hernández 0-0: Ball
1-0: Ball
2-0: Called Strike
2-1: Fly out, F8 (Flyball, 8LD)
Bottom of the 3rd over - 1 run(s), 2 hit(s), 0 error(s), 1 left on base; District 9 0 - Spokane 1
TOP OF THE 4TH
District 9 Prawns batting - Pitching for Spokane Trappers : LHP Alberto Cabrera
Batting: LHB Leland Hardy 0-0: Ball
1-0: Ball
2-0: Ground out 4-3 (Groundball, 4)
Batting: LHB Ryan Hensley 0-0: Swinging Strike
0-1: Ground out 4-3 (Groundball, 4)
Batting: RHB Mal Snyder 0-0: Ball
1-0: Foul Ball, location: 2F
1-1: Called Strike
1-2: Ball
2-2: Foul Ball, location: 2F
2-2: Ball
3-2: Fly out, F9 (Flyball, 9LM)
Top of the 4th over - 0 run(s), 0 hit(s), 0 error(s), 0 left on base; District 9 0 - Spokane 1
BOTTOM OF THE 4TH
Spokane Trappers batting - Pitching for District 9 Prawns : RHP Augusto Méndez
Batting: RHB Todd Rockburn 0-0: Called Strike
0-1: Fly out, F8 (Flyball, 8RS)
Batting: LHB Juan Cortés 0-0: Ball
1-0: Ground out 4-3 (Groundball, 4)
Batting: RHB John Craig 0-0: Foul Ball, location: 2F
0-1: Swinging Strike
0-2: Foul Ball, location: 2F
0-2: Strikes out swinging
Bottom of the 4th over - 0 run(s), 0 hit(s), 0 error(s), 0 left on base; District 9 0 - Spokane 1
TOP OF THE 5TH
District 9 Prawns batting - Pitching for Spokane Trappers : LHP Alberto Cabrera
Batting: RHB Lúcio García 0-0: Ground out 6-3 (Groundball, 6)
Batting: RHB Bill Beck 0-0: Called Strike
0-1: Foul Ball, location: 2F
0-2: Ground out 5-3 (Groundball, 56)
Batting: RHB Manuel Cortéz 0-0: Swinging Strike
0-1: Ground out 1-3 (Groundball, 13S)
Top of the 5th over - 0 run(s), 0 hit(s), 0 error(s), 0 left on base; District 9 0 - Spokane 1
BOTTOM OF THE 5TH
Spokane Trappers batting - Pitching for District 9 Prawns : RHP Augusto Méndez
Batting: LHB José Feliciano 0-0: Foul Ball, location: 2F
0-1: Swinging Strike
0-2: Strikes out swinging
Batting: RHB Félix Tremblay 0-0: Called Strike
0-1: Ground out 4-3 (Groundball, 4M)
Batting: RHB Hyo-sang Yu 0-0: Ball
1-0: Ball
2-0: Foul Ball, location: 2F
2-1: Foul Ball, location: 2F
2-2: Strikes out swinging
Bottom of the 5th over - 0 run(s), 0 hit(s), 0 error(s), 0 left on base; District 9 0 - Spokane 1
TOP OF THE 6TH
District 9 Prawns batting - Pitching for Spokane Trappers : LHP Alberto Cabrera
Batting: SHB Finley Frogley 0-0: Foul Ball, location: 2F
0-1: Ground out 5-3 (Groundball, 5L)
Batting: LHB Enrique Nalasco 0-0: Ball
1-0: Called Strike
1-1: TRIPLE (Line Drive, 89M)
Batting: RHB Alfredo Cortéz 0-0: Called Strike
0-1: Ball
1-1: Ball
2-1: Ball
3-1: Base on Balls
Batting: LHB Leland Hardy 0-0: Ball
1-0: Ball
2-0: Foul Ball, location: 2F
2-1: Swinging Strike
2-2: Foul Ball, location: 2F
2-2: Ball
3-2: Foul Ball, location: 2F
3-2: Base on Balls
Alfredo Cortéz to second
Batting: LHB Ryan Hensley 0-0: Ball
1-0: Called Strike
1-1: Fly out, F8 (Flyball, 8LD)
Runner from 3rd tags up, SCORES, no throw
Pitching: RHP Ching-wei Zi
Batting: RHB Mal Snyder 0-0: Ball
1-0: Called Strike
1-1: Fly out, F9 (Flyball, 34D)
Top of the 6th over - 1 run(s), 1 hit(s), 0 error(s), 2 left on base; District 9 1 - Spokane 1
BOTTOM OF THE 6TH
Spokane Trappers batting - Pitching for District 9 Prawns : RHP Augusto Méndez
Batting: RHB Ernesto Acosta 0-0: Called Strike
0-1: Swinging Strike
0-2: Foul Ball, location: 2F
0-2: Ball
1-2: Foul Ball, location: 2F
1-2: Ball
2-2: Ball
3-2: Base on Balls
Batting: RHB Pedro Guzmán 0-0: SINGLE (Groundball, 5L)
Ernesto Acosta to second
Batting: RHB Mario Hernández 0-0: Ball
1-0: Ball
2-0: Ball
3-0: Called Strike
3-1: Base on Balls
Ernesto Acosta to third
Pedro Guzmán to second
Batting: RHB Todd Rockburn 0-0: Ball
1-0: SINGLE (Line Drive, 7S)
Ernesto Acosta scores
Pedro Guzmán to third
Mario Hernández to second
Batting: LHB Juan Cortés 0-0: Fly out, F2 (Popup, 2RF)
Batting: RHB John Craig 0-0: Ball
1-0: Swinging Strike
1-1: Swinging Strike
1-2: Ball
Wild Pitch!
Pedro Guzmán scores
Mario Hernández to third
Todd Rockburn to second
2-2: Strikes out swinging
Batting: LHB José Feliciano 0-0: Ball
1-0: Ball
2-0: Foul Ball, location: 2F
2-1: Ball
3-1: Swinging Strike
3-2: Base on Balls
Batting: RHB Félix Tremblay 0-0: Fly out, F4 (Popup, 4D)
Bottom of the 6th over - 2 run(s), 2 hit(s), 0 error(s), 3 left on base; District 9 1 - Spokane 3
TOP OF THE 7TH
District 9 Prawns batting - Pitching for Spokane Trappers : RHP Ching-wei Zi
Batting: RHB Lúcio García 0-0: Ball
1-0: SINGLE (Line Drive, 34)
Batting: RHB Bill Beck 0-0: Grounds into double play, 6-4-3 (Groundball, 6)
Batting: RHB Manuel Cortéz 0-0: Ball
1-0: Foul Ball, location: 2F
1-1: Ball
2-1: Foul Ball, location: 2F
2-2: Ball
3-2: Foul Ball, location: 2F
3-2: Strikes out swinging
Top of the 7th over - 0 run(s), 1 hit(s), 0 error(s), 0 left on base; District 9 1 - Spokane 3
BOTTOM OF THE 7TH
Spokane Trappers batting - Pitching for District 9 Prawns : RHP Augusto Méndez
Pitching: RHP Bill McKinney
Batting: RHB Hyo-sang Yu 0-0: Ball
1-0: Foul Ball, location: 2F
1-1: SINGLE (Line Drive, 89S)
Batting: RHB Ernesto Acosta 0-0: Called Strike
0-1: Grounds into double play, 6-4-3 (Groundball, 6M)
Batting: RHB Pedro Guzmán 0-0: Called Strike
0-1: DOUBLE (Groundball, 5L)
Batting: RHB Mario Hernández 0-0: Swinging Strike
0-1: Called Strike
0-2: Ball
1-2: Ball
2-2: Ground out 5-3 (Groundball, 56)
Bottom of the 7th over - 0 run(s), 2 hit(s), 0 error(s), 1 left on base; District 9 1 - Spokane 3
TOP OF THE 8TH
District 9 Prawns batting - Pitching for Spokane Trappers : RHP Ching-wei Zi
Batting: SHB Finley Frogley 0-0: Called Strike
0-1: Foul Ball, location: 2F
0-2: Ball
1-2: Ground out U3 (Groundball, 3L)
Batting: LHB Enrique Nalasco 0-0: Ground out 4-3 (Groundball, 4)
Batting: RHB Alfredo Cortéz 0-0: Ball
1-0: Ground out 4-3 (Groundball, 4M)
Top of the 8th over - 0 run(s), 0 hit(s), 0 error(s), 0 left on base; District 9 1 - Spokane 3
BOTTOM OF THE 8TH
Spokane Trappers batting - Pitching for District 9 Prawns : RHP Bill McKinney
Batting: RHB Todd Rockburn 0-0: Ground out 6-3 (Groundball, 6)
Batting: LHB Juan Cortés 0-0: Ball
1-0: SINGLE (Line Drive, 4M)
Batting: RHB John Craig 0-0: Called Strike
0-1: Foul Ball, location: 2F
0-2: Ball
1-2: Foul Ball, location: 2F
1-2: Grounds into double play, 6-4-3 (Groundball, 6)
Bottom of the 8th over - 0 run(s), 1 hit(s), 0 error(s), 0 left on base; District 9 1 - Spokane 3
TOP OF THE 9TH
District 9 Prawns batting - Pitching for Spokane Trappers : RHP Ching-wei Zi
Pitching: RHP Astolfo Bolo
Batting: LHB Leland Hardy 0-0: Ball
1-0: Called Strike
1-1: Foul Ball, location: 2F
1-2: Foul Ball, location: 2F
1-2: Ground out 4-3 (Groundball, 4)
Batting: LHB Ryan Hensley 0-0: Ball
1-0: DOUBLE (Line Drive, 89M)
Batting: RHB Mal Snyder 0-0: Called Strike
0-1: Ball
1-1: Fly out, F8 (Flyball, 8LXD)
Runner from 2nd tags up, SAFE at 3rd, no throw
Pinch Hitting: LHB Scott MacDonald 0-0: Called Strike
0-1: Ball
1-1: Swinging Strike
1-2: Fly out, F7 (Flyball, 7LS)
Top of the 9th over - 0 run(s), 1 hit(s), 0 error(s), 1 left on base; District 9 1 - Spokane 3
This league is powered by Out of the Park Baseball, the baseball management simulation game for PC, Mac and Linux
Wednesday, December 2nd, 2015 - OOTP Baseball 16.8 Build 38